 Dungeon Crawl Stone Soup version 0.29-a0-334-gb41bcbb86e (webtiles) character file.

Game seed: 7467078250070159089

3535 drugrobin the Cleaver (level 9, -1/79 HPs)
             Began as a Demigod Fighter on Apr 14, 2022.
             Slain by a two-headed ogre
             ... wielding a +0 giant club
              (19 damage)
             ... on level 9 of the Dungeon.
             The game lasted 00:19:04 (9195 turns).

drugrobin the Cleaver (Demigod Fighter)             Turns: 9195, Time: 00:19:05

Health: -1/79      AC: 16    Str: 29    XL:     9   Next: 53%
Magic:  11/11      EV:  8    Int: 10    God:
Gold:   601        SH: 11    Dex: 13    Spells: 6/8 levels left

rFire   . . .      SeeInvis .   a - +0 war axe
rCold   + . .      Faith    .   M - +2 buckler
rNeg    . . .      Spirit   .   D - +0 chain mail
rPois   .          Reflect  +   m - +0 helmet
rElec   .          Harm     .   s - +2 cloak
rCorr   .          Rampage  .   (no gloves)
Will    .....                   i - +2 pair of boots
Stlth   ..........              k - amulet of reflection
HPRegen 0.23/turn               t - ring of protection from cold
MPRegen 0.12/turn               (no ring)

@: studying Axes
A: high MP 1, forlorn, divine attributes
a: no special abilities


You were on level 9 of the Dungeon.
You visited 1 branch of the dungeon, and saw 9 of its levels.

You collected 601 gold pieces.

Inventory:

Hand Weapons
 a - a +0 war axe (weapon)
 c - a +0 hand axe of venom
Missiles
 e - 30 poisoned darts
 j - 4 javelins
 A - 6 boomerangs (quivered)
Armour
 i - a +2 pair of boots (worn)
 m - a +0 helmet (worn)
 s - a +2 cloak (worn)
 D - a +0 chain mail (worn)
 M - a +2 buckler (worn)
Jewellery
 k - an amulet of reflection (around neck)
 p - an amulet of magic regeneration
 t - a ring of protection from cold (left hand)
Wands
 u - a wand of flame (24)
 K - a wand of acid (1)
Scrolls
 l - a scroll of fear
 q - a scroll of amnesia
 r - 5 scrolls of teleportation {unknown}
 v - 2 scrolls of immolation {unknown}
 w - 2 scrolls of vulnerability {unknown}
 y - a scroll of blinking {unknown}
 z - a scroll of enchant armour {unknown}
 E - a scroll of magic mapping {unknown}
 H - a scroll of fog {unknown}
Potions
 b - a potion of berserk rage {unknown}
 d - 2 potions of might
 f - 6 potions of heal wounds
 g - 4 potions of brilliance
 h - 2 potions of attraction {unknown}
 n - 2 potions of ambrosia {unknown}
 o - 2 potions of haste {unknown}
 C - a potion of flight {unknown}
 F - a potion of resistance {unknown}
 G - 2 potions of mutation
 I - a potion of lignification {unknown}
 L - 3 potions of curing


   Skills:
 + Level 7.1 Fighting
 * Level 11.1 Axes
 - Level 2.6 Armour
 - Level 2.6 Shields
 + Level 0.3 Necromancy
 - Level 5.6 Evocations


You had 6 spell levels left.
You knew the following spells:

 Your Spells              Type           Power      Damage    Failure   Level
a - Corpse Rot            Necr/Air       0%         N/A       99%         2

Your spell library contained the following spells:

 Spells                   Type           Power      Damage    Failure   Level
 Sandblast                Erth           0%         2d4       95%         1
 Sublimation of Blood     Necr           0%         N/A       98%         2
 Ensorcelled Hibernation  Hex/Ice        0%         N/A       99%         2
 Passwall                 Tmut/Erth      0%         N/A       99%         2
 Static Discharge         Conj/Air       0%         N/A       99%         2
 Wereblood                Tmut           0%         N/A       99%         2
 Confusing Touch          Hex            0%         N/A       100%        3
 Stone Arrow              Conj/Erth      0%         3d7       100%        3
 Summon Guardian Golem    Hex/Summ       0%         N/A       100%        3
 Swiftness                Air            0%         N/A       100%        3
 Animate Armour           Summ/Erth      0%         N/A       100%        4
 Dispel Undead            Necr           0%         3d6       100%        4
 Passage of Golubria      Tloc           0%         N/A       100%        4
 Blade Hands              Tmut           0%         N/A       100%        5
 Lightning Bolt           Conj/Air       0%         1d11      100%        5
 Silence                  Hex/Air        0%         N/A       100%        5
 Yara's Violent Unravell  Hex/Tmut       0%         3d3       100%        5
 Conjure Ball Lightning   Conj/Air       0%         3x3d6     100%        6
 Death Channel            Necr           0%         N/A       100%        6
 Iron Shot                Conj/Erth      0%         9d1       100%        6
 Enfeeble                 Hex            0%         N/A       100%        7
 Orb of Destruction       Conj           0%         9d5       100%        7
 Spellforged Servitor     Conj/Summ      0%         N/A       100%        7
 Summon Hydra             Summ           0%         N/A       100%        7
 Borgnjor's Revivificati  Necr           0%         N/A       100%        8
 Lehudib's Crystal Spear  Conj/Erth      0%         10d2      100%        8
 Necromutation            Tmut/Necr      0%         N/A       100%        8
 Death's Door             Necr           0%         N/A       100%        9


Dungeon Overview and Level Annotations

Branches:
Dungeon (9/15)             Temple (0/1) D:6
   Lair: D:8-11         Orc: D:9-12

Shops:
D:1 :*

Annotations:
D:7 exclusion: ice statue
D:9 Amaemon


Innate Abilities, Weirdness & Mutations

You have an increased reservoir of magic. (+10% MP)
You shall have no god before yourself.
Your divine heritage dramatically boosts your attributes as you level up.


Message History

Unknown command.
Unknown command.
Unknown command.
You slash the two-headed ogre!
The two-headed ogre is moderately wounded.
Unknown command.
Unknown command.
You barely miss the two-headed ogre.
The two-headed ogre is moderately wounded.
The two-headed ogre closely misses you. The two-headed ogre misses you.
Unknown command.
You slash the two-headed ogre!
The two-headed ogre is heavily wounded.
You block the two-headed ogre's attack. x2
Unknown command.
You slash the two-headed ogre!
The two-headed ogre is severely wounded.
You are studying Axes.
Your movement speed is average.
Your attack delay is about 0.9.
Unknown command.
Unknown command.
You completely miss the two-headed ogre.
The two-headed ogre is almost dead.
You block the two-headed ogre's attack. The two-headed ogre closely misses you.
You barely miss the two-headed ogre.
The two-headed ogre is almost dead.
The two-headed ogre hits you with a +0 giant club!!
The two-headed ogre barely misses you.
You hit the two-headed ogre.
The two-headed ogre is almost dead.
You barely miss the two-headed ogre.
The two-headed ogre is almost dead.
The two-headed ogre hits you with a +0 giant club!
The two-headed ogre hits you with a +0 giant club.
You barely miss the two-headed ogre.
The two-headed ogre is almost dead.
The two-headed ogre hits you with a +0 giant club!!
* * * LOW HITPOINT WARNING * * *
The two-headed ogre hits you with a +0 giant club!!
You die...

#....#....(..#.......
#.#.(#.......#.#####.
#....####'####.......
#...(.........#######
#...(......#..'.....[
#.##(......#..#......
#...(.........######.
#...O.....##########.
#...@..#..#..........
#..#...#..#..........
#..#......#..........
#..#.###'##..##...##.
#....'...######...##.
#....#...# #...##.
#..#.# .# #...##.
#..#.# ..# #...##.
#..#.# ..# #...##.


You could see a two-headed ogre (poisoned).

Vanquished Creatures
  A two-headed ogre (D:8)
  2 steam dragons
  A wyvern (D:9)
  2 water moccasins
  An orc warrior (D:9)
  A sky beast (D:7)
  An ogre (D:6)
  2 centaurs
  2 kobold brigands
  Blork the orc (D:5)
  4 bullfrogs
  7 scorpions
  A howler monkey (D:4)
  2 hounds
  4 jellies
  2 gnoll shamans (D:6)
  9 orc priests
  3 iguanas
  5 orc wizards
  8 gnolls (D:6)
  5 adders
  A shadow imp (D:6)
  2 white imps (D:5)
  4 ufetubi
  4 worms
  2 dart slugs (D:1)
  40 orcs
  10 ball pythons
  7 endoplasms
  3 giant cockroaches
  7 goblins
  11 hobgoblins
  22 kobolds
  A quokka (D:1)
  6 bats
  4 frilled lizards
  6 rats
194 creatures vanquished.

Vanquished Creatures (others)
  10 fungi (D:2)
10 creatures vanquished.

Grand Total: 204 creatures vanquished

Notes
Turn   | Place    | Note
-------+----------+-------------------------------------------
     0 | D:1      | drugrobin the Demigod Fighter began the quest for the Orb.
     0 | D:1      | Reached XP level 1. HP: 18/18 MP: 3/3
    40 | D:1      | Reached skill level 2 in Axes
   221 | D:1      | Found Sayweuv's Antique Weapon Shoppe.
   344 | D:1      | Found Ataown's General Store.
   455 | D:1      | Reached XP level 2. HP: 25/25 MP: 4/4
   685 | D:1      | Found Cusir's Book Shop.
  1037 | D:2      | Reached XP level 3. HP: 31/31 MP: 5/5
  1091 | D:2      | Reached skill level 3 in Axes
  1746 | D:2      | Reached XP level 4. HP: 28/38 MP: 6/6
  1922 | D:3      | Reached skill level 4 in Axes
  1941 | D:3      | Reached XP level 5. HP: 42/46 MP: 7/7
  2326 | D:3      | Got the Tome of the Creative Birds
  2744 | D:4      | Reached skill level 5 in Axes
  2744 | D:4      | Reached skill level 1 in Evocations
  2744 | D:4      | Reached XP level 6. HP: 37/52 MP: 8/8
  3137 | D:4      | Noticed a water moccasin
  3143 | D:4      | Killed a water moccasin
  3687 | D:5      | Entered Level 5 of the Dungeon
  3753 | D:5      | Reached XP level 7. HP: 57/60 MP: 9/9
  3840 | D:5      | Reached skill level 6 in Axes
  4117 | D:5      | Noticed Blork the orc
  4136 | D:5      | Killed Blork the orc
  4137 | D:5      | Reached skill level 5 in Fighting
  5181 | D:6      | Found a staircase to the Ecumenical Temple.
  5373 | D:6      | Reached skill level 7 in Axes
  5373 | D:6      | Reached XP level 8. HP: 34/69 MP: 10/10
  5795 | D:6      | Found a sand-covered staircase.
  6868 | D:7      | Identified a scroll of acquirement
  6869 | D:7      | Acquired a manual of Axes
  7029 | D:7      | Reached skill level 8 in Axes
  7342 | D:7      | Noticed an ice statue
  7378 | D:8      | Noticed a two-headed ogre
  7445 | D:8      | Reached skill level 9 in Axes
  7625 | D:8      | Killed a two-headed ogre
  7626 | D:8      | Reached skill level 10 in Axes
  7626 | D:8      | Reached skill level 5 in Evocations
  7626 | D:8      | Reached XP level 9. HP: 30/78 MP: 11/11
  8563 | D:9      | Reached skill level 11 in Axes
  8713 | D:9      | Learned a level 2 spell: Corpse Rot
  8939 | D:9      | Noticed Amaemon
  8944 | D:9      | Noticed an orange demon
  9179 | D:9      | Noticed a two-headed ogre
  9195 | D:9      | Slain by a two-headed ogre

Illustrated notes

Levels and vault maps discovered:
D:1:      dpeg_arrival_tiny_a, layout_loops_ring,
          hellmonk_ecumenical_altar_lost_god, serial_shops, shop_statue,
          nicolae_shop_behind_doors, shop, chequers_serial_rivers_micro_c
D:2:      kennysheep_six_static_rooms, layout_rooms, dreamdust_mushroom_princess
D:3:      layout_loops_ring, old_standard_altar
D:4:      layout_basic, cheibrodos_worm_habitat
D:5:      layout_cave_pods, uniq_blork_the_orc
D:6:      layout_gridville, overflow_temple_1_default, lemuel_crystal_altar,
          mainiacjoe_overflow_boulevard, nzn_hepliaklqana_mist_gate,
          minmay_temple_entry_stoned_glass, enter_ossuary_1,
          kennysheep_generic_room_6
D:7:      lemuel_ice_statue, layout_basic, grunt_decor_arrowhead,
          lightli_orcish_oven
D:8:      layout_cave_pools, marbit_many_paths
D:9:      layout_stronghold, orc_0_dummy, gammafunk_ghost_berserking_beasts,
          nzn_life_drinkers, uniq_amaemon

Skill      XL: |  1  2  3  4  5  6  7  8  9 |
---------------+----------------------------+-----
Axes           | 2 3 4 5 7 10 11 | 11.1
Fighting       | 3 4 5 6 7 |  7.1
Evocations     | 1 3 5 |  5.6
Armour         | |  2.6
Shields        | |  2.6
Necromancy     | |  0.3

Action                   |  1- 3 |  4- 6 |  7- 9 || total
-------------------------+-------+-------+-------++-------
Melee: War axe           |   125 |   134 |   321 ||   580
Throw: Boomerang         |       |     4 |    11 ||    15
       Dart              |       |     3 |    12 ||    15
       Throwing net      |       |       |     4 ||     4
Evoke: Wand              |       |       |     2 ||     2
  Use: Scroll            |       |       |     9 ||     9
       Potion            |       |       |     2 ||     2
Armor: Scale mail        |    57 |    51 |     5 ||   113
       Chain mail        |       |       |   157 ||   157
Dodge: Dodged            |    53 |    39 |    86 ||   178
Block: Buckler           |    43 |    56 |   183 ||   282
       Reflection        |     1 |     1 |     4 ||     6

Table legend: (Time is in decaauts)
 A = Elapsed time spent in this place.
 B = Non-inter-level travel time spent in this place.
 C = Inter-level travel time spent in this place.
 D = Time resting spent in this place.
 E = Time spent auto-exploring this place.
 F = Levels seen in this place.
 G = Mean time per level.
                   A        B        C        D        E       F      G
               +--------+--------+--------+--------+--------+-----+--------+
         Total |   9349 |   8991 |    358 |   1040 |   5551 |   9 | 1038.8 |
       Dungeon |   9349 |   8991 |    358 |   1040 |   5551 |   9 | 1038.8 |
               +--------+--------+--------+--------+--------+-----+--------+

Top non-repeatable levels by time:
     D:6: 1414 daAuts
     D:4: 1389 daAuts
     D:5: 1273 daAuts
     D:8: 1026 daAuts
     D:1: 978 daAuts
     D:2: 936 daAuts
     D:7: 818 daAuts
     D:3: 762 daAuts
     D:9: 750 daAuts
